 Dungeon Crawl Stone Soup version 0.26.0-10-g1f06aea511 (webtiles) character file.

Game seed: 3141346471975342873

13640 jackrogers the Impaler (level 12, -5/99 HPs)
             Began as a Merfolk Abyssal Knight on Jan 13, 2021.
             Was an Elder of Lugonu.
             Slain by an orc warrior
             ... wielding a +0 mace
              (21 damage)
             ... on level 2 of the Orcish Mines.
             The game lasted 00:25:54 (15282 turns).

jackrogers the Impaler (Merfolk Abyssal Knight)    Turns: 15282, Time: 00:25:55

Health: -5/99      AC: 13    Str: 17    XL:     12   Next: 8%
Magic:  20/20      EV: 13    Int: 12    God:    Lugonu [****..]
Gold:   977        SH:  0    Dex: 13    Spells: 11/11 levels left

rFire    . . .     SeeInvis +   E - +1 halberd
rCold    . . .     Faith    +   (shield currently unavailable)
rNeg     . . .     Spirit   .   t - +2 scale mail {rPois}
rPois    +         Reflect  .   x - +0 helmet
rElec    .         Harm     .   A - +0 cloak
rCorr    .         Rampage  .   (no gloves)
Will     +....                  n - +1 pair of boots
Stlth    ..........             w - amulet of faith {Faith, !P}
HPRegen  0.26/turn              z - ring of willpower
MPRegen  0.17/turn              I - ring of see invisible {sInv, !d}

@: about to teleport
A: change form in water, swift swim, stealthy swim
a: Renounce Religion, Depart the Abyss, Bend Space, Banish, Corrupt


You were on level 2 of the Orcish Mines.
You worshipped Lugonu.
Lugonu was greatly pleased with you.
You visited 2 branches of the dungeon, and saw 12 of its levels.
You visited the Abyss 2 times.

You collected 977 gold pieces.

Inventory:

Hand Weapons
 a - a +1 spear
 E - a +1 halberd (weapon)
   (You took it off a wight on level 6 of the Dungeon)
 J - a +0 trident
   (You took it off an orc on level 9 of the Dungeon)
 K - a +0 trident
   (You took it off an orc on level 2 of the Orcish Mines)
 L - a +0 trident
   (You took it off an orc on level 2 of the Orcish Mines)
 M - a +0 trident
   (You took it off an orc warrior on level 2 of the Orcish Mines)
Missiles
 g - 27 boomerangs
 y - 33 poisoned darts
Armour
 b - a +0 leather armour
 j - a +0 scale mail
   (You found it on level 2 of the Dungeon)
 n - a +1 pair of boots (worn)
   (You found it on level 1 of the Dungeon)
 t - a +2 scale mail of poison resistance (worn)
   (You took it off Terence on level 2 of the Dungeon)
 v - a +0 cloak
   (You found it on level 8 of the Dungeon)
 x - a +0 helmet (worn)
   (You found it on level 8 of the Dungeon)
 A - a +0 cloak (worn)
   (You took it off Crazy Yiuf on level 4 of the Dungeon)
 C - a +0 buckler
   (You found it on level 6 of the Dungeon)
 F - a +4 chain mail
   (You found it on level 7 of the Dungeon)
Jewellery
 e - an uncursed ring of positive energy {rN+}
   (You found it on level 1 of the Dungeon)
 u - a cursed amulet of inaccuracy
   (You found it on level 4 of the Dungeon)
 w - an amulet of faith (around neck) {Faith, !P}
   (You found it on level 5 of the Dungeon)
 z - a ring of willpower (left hand)
   (You found it on level 5 of the Dungeon)
 I - a ring of see invisible (right hand) {sInv, !d}
   (You found it on level 8 of the Dungeon)
Wands
 m - a wand of flame (13)
   (You found it on level 5 of the Dungeon)
 q - a wand of digging (21)
   (You found it on level 3 of the Dungeon)
 G - a wand of enslavement (7)
   (You took it off an orc wizard on level 7 of the Dungeon)
Scrolls
 c - 2 scrolls of teleportation
 i - 2 scrolls of amnesia
 l - a scroll of enchant weapon {unknown}
 r - 10 scrolls of remove curse
 s - 4 scrolls of enchant armour
 D - 2 scrolls of identify
Potions
 d - 5 potions of brilliance
 f - 2 potions of resistance
 h - 4 potions of attraction {!q}
 k - 4 potions of degeneration {!q}
 o - a potion of flight
 p - 6 potions of curing
 B - a potion of mutation {!q}
 H - a potion of cancellation {unknown}


   Skills:
 + Level 10.6 Fighting
 - Level 16.0 Polearms
 - Level 2.6 Armour
 + Level 7.9 Dodging
 + Level 11.0 Invocations


You had 11 spell levels left.
You didn't know any spells.
Your spell library contained the following spells:

 Spells                   Type           Power        Failure   Level
 Animate Skeleton         Necr           0%           73%         1
 Apportation              Tloc           0%           73%         1
 Corona                   Hex            0%           73%         1
 Summon Small Mammal      Summ           0%           73%         1
 Corpse Rot               Necr/Air       N/A          86%         2
 Ensorcelled Hibernation  Hex/Ice        0%           86%         2
 Confusing Touch          Hex            0%           97%         3
 Dazzling Flash           Conj/Hex       0%           97%         3
 Stone Arrow              Conj/Erth      0%           97%         3
 Tukima's Dance           Hex            0%           97%         3
 Summon Forest            Summ/Tloc      0%           100%        5
 Eringya's Noxious Bog    Tmut/Pois      0%           100%        6
 Hydra Form               Tmut           0%           100%        6
 Summon Hydra             Summ           0%           100%        7


Dungeon Overview and Level Annotations

Branches:
Dungeon (10/15)            Temple (0/1) D:4            Lair (0/6) D:8
    Orc (2/2) D:9
    Elf: Orc:2

Altars:
Cheibriados
Dithmenos
Elyvilon
Fedhas
Gozag
Hepliaklqana
Makhleb
Okawaru
Qazlal
Ru
Sif Muna
Vehumet
Zin
Beogh

Shops:
D:8 *   Orc:2 :=

Portals:
Abyss: D:3

Annotations:
D:3 2 transporters, JustYaKnow's ghost, amateur MiBe
Abyss:1 Harold


Message History

The worldbinder calls forth creatures from the Spider Nest!
The jumping spider pounces on you.
The jumping spider bites you but does no damage.
Warning x3: The jumping spider (summoned) is fast and can ensnare you in webs!
The tarantella (summoned) is fast and can cause confusion in melee!
The orc warrior can hit for high damage!
The jumping spider leaps!
Danger x4: jumping spider (summoned), tarantella (summoned) x2, orc warrior!
The jumping spider disappears in a puff of smoke!
The worldbinder calls forth creatures from the Spider Nest!
The orc wizard hits you but does no damage.
Danger x5: jumping spider (summoned), tarantella (summoned) x2, orc warrior, tarantella (summoned, expiring)!
The tarantella disappears in a puff of smoke!
The orc wizard gestures wildly while chanting.
The orc wizard blinks!
The jumping spider leaps!
Warning x3: The jumping spider (summoned) is fast and can ensnare you in webs!
The tarantella (summoned) is fast and can cause confusion in melee! x2
You hit the jumping spider. The jumping spider closely misses you.
The jumping spider barely misses you.
Warning x3: The jumping spider (summoned) is fast and can ensnare you in webs!
The tarantella (summoned) is fast and can cause confusion in melee! x2
As you read the scroll of teleportation, it crumbles to dust.
You feel strangely unstable. The tarantella bites you!
You are confused.
The tarantella misses you. The jumping spider pounces on you!
You are caught in a web!
The jumping spider bites you but does no damage.
The tarantella bites you!
The orc wizard hits you but does no damage.
The jumping spider leaps!
The tarantella bites you.
You are more confused.
Danger x4: jumping spider (summoned), tarantella (summoned) x2, orc warrior!
The web tears apart.
The tarantella closely misses you. The worldbinder hits you. x2
The orc wizard casts a spell.
The orc wizard blinks!
The tarantella bites you.
* * * LOW HITPOINT WARNING * * *
Danger x4: jumping spider (summoned), tarantella (summoned) x2, orc warrior!
Unknown command.
Danger x4: jumping spider (summoned), tarantella (summoned) x2, orc warrior!
The worldbinder completely misses you. The worldbinder closely misses you.
The tarantella bites you.
* * * LOW HITPOINT WARNING * * *
Danger x4: jumping spider (summoned), tarantella (summoned) x2, orc warrior!
You miss the tarantella.
The worldbinder hits you but does no damage.
The worldbinder hits you.
* * * LOW HITPOINT WARNING * * *
Danger x4: jumping spider (summoned), tarantella (summoned) x2, orc warrior!
Unknown command.
Danger x4: jumping spider (summoned), tarantella (summoned) x2, orc warrior!
You bump into the rock wall.
Your surroundings suddenly seem different.
An orc knight comes into view. It is wielding a +2 long sword.
The orc knight shouts!
An orc knight comes into view. It is wielding a +0 long sword.
The orc knight shouts!
An orc wizard comes into view. It is wielding a +0 dagger.
The orc wizard shouts!
An orc warrior comes into view. It is wielding a +0 war axe.
The orc warrior shouts!
An orc warrior comes into view. It is wielding a +0 mace.
The orc warrior shouts!
An orc warrior comes into view. It is wielding a +0 glaive.
The orc warrior shouts!
You hear a shout! x5
An orc sorcerer comes into view. It is wielding a +0 dagger.
An orc high priest comes into view. It is wielding a +0 war axe.
An orc high priest comes into view.
It is wielding a +1 battleaxe of electrocution.
Found Wagraweil's Jewellery Boutique and Imuz's Book Emporium.
PANIC x8: orc high priest (wandering) x2, orc sorcerer, orc knight x2, orc warrior x3!
You are too confused!
PANIC x8: orc high priest (wandering) x2, orc sorcerer, orc knight x2, orc warrior x3!
You are too confused!
PANIC x8: orc high priest (wandering) x2, orc sorcerer, orc knight x2, orc warrior x3!
Okay, then.
PANIC x8: orc high priest (wandering) x2, orc sorcerer, orc knight x2, orc warrior x3!
Okay, then.
PANIC x8: orc high priest (wandering) x2, orc sorcerer, orc knight x2, orc warrior x3!
You bump into the stone wall.
The orc high priest shouts! x2
The orc wizard points at you and mumbles some strange words.
The puff of flame misses you.
The orc sorcerer casts a spell.
An orc sorcerer comes into view.
It is wielding a +0 dagger and wearing a +2 robe of resistance.
You hear a shout!
PANIC x8: orc sorcerer x2, orc knight x2, orc high priest, orc warrior x3!
Unknown command.
You feel better.
You hear a shout!
The orc sorcerer mumbles some strange words.
An orc knight comes into view. It is wielding a +0 great sword.
You hear a shout!
PANIC x10: orc sorcerer x2, neqoxec (summoned), orc knight x3, orc high priest, orc warrior x3!
As you read the scroll of teleportation, it crumbles to dust.
You feel strangely unstable.
The orc knight roars a battlecry!
The orcs go into a battle-frenzy!
The orc warrior hits you from afar with a +0 glaive!
* * * LOW HITPOINT WARNING * * *
The orc wizard hits you with a +0 dagger.
* * * LOW HITPOINT WARNING * * *
The orc warrior hits you with a +0 mace!!
You die... .............# #########...#### ## #....#.## ∩## #.......# # .∩# #..∩...## .3# ..## #...#.## ...o##..# ##....## .ooooo..#

##o.oo.## #o@#
#...oso.# #oo#
#...o.x## #oo..
#..##.s##### #.#
....#.##.#.#s.o##.##
#.# ....#
.##.....^.....##
#.#...##
.##...#........#
#.####
###...#.))......
##.## ##.#...##.##.#
... #...#.########


You could see 3 orc knights, 2 orc high priests, a neqoxec (summoned), 2 orc
sorcerers, 3 orc warriors and an orc wizard (strong).

Vanquished Creatures
  Josephine (Orc:2)
  2 two-headed ogres
  Erica (D:7)
  3 death yaks (D:8)
  Pikel (D:6)
  An ugly thing (D:9)
  A manticore (D:7)
  Psyche (D:8)
  A komodo dragon (D:9)
  Prince Ribbit (D:7)
  A troll (Orc:1)
  3 wraiths (Orc:2)
  A shadow (D:7)
  2 wyverns (D:8)
  3 wargs
  Menkaure (D:7)
  Edmund (D:4)
  A water moccasin (D:8)
  2 black bears (D:8)
  2 ice beasts
  7 orc warriors
  2 sky beasts
  2 phantoms (D:8)
  10 ogres
  4 centaurs
  3 lemures (D:5)
  3 bullfrogs
  A gnoll sergeant (D:7)
  2 scorpions
  7 wights
  A howler monkey (D:8)
  A centaur zombie (D:9)
  3 jellies
  3 quasits
  2 hounds (D:7)
  7 orc priests
  Crazy Yiuf (D:4)
  2 bullfrog skeletons
  Terence (D:2)
  2 iguanas
  5 orc wizards
  9 worker ants
  A killer bee zombie (D:10)
  2 hound zombies
  A hound skeleton (D:9)
  4 gnolls (D:7)
  A howler monkey skeleton (D:4)
  A river rat (D:8)
  15 adders
  3 shadow imps
  A white imp (D:7)
  An ooze (D:7)
  2 ufetubi
  An adder skeleton (D:5)
  5 worms
  A dart slug (D:1)
  7 leopard geckos
  52 orcs
  A ball python (D:2)
  8 giant cockroaches
  7 goblins
  7 hobgoblins
  12 jackals
  4 quokkas
  5 bats
  5 frilled lizards
  A jackal skeleton (D:4)
  5 kobolds
  A leopard gecko skeleton (D:8)
  13 rats
275 creatures vanquished.

Vanquished Creatures (others)
  A river rat (D:8)
  A dart slug (D:1)
  A quokka skeleton (D:8)
  9 plants (D:9)
12 creatures vanquished.

Grand Total: 287 creatures vanquished

Notes
Turn   | Place    | Note
-------+----------+-------------------------------------------
     0 | Abyss:1  | jackrogers the Merfolk Abyssal Knight began the quest for
                  | the Orb.
     0 | Abyss:1  | Reached XP level 1. HP: 18/18 MP: 2/2
     4 | D:1      | Escaped the Abyss
   316 | D:1      | Reached skill level 4 in Polearms
   316 | D:1      | Reached XP level 2. HP: 24/24 MP: 3/3
   591 | D:1      | Reached ** piety under Lugonu
  1040 | D:2      | Reached skill level 5 in Polearms
  1040 | D:2      | Reached XP level 3. HP: 27/29 MP: 4/4
  1286 | D:2      | Reached skill level 6 in Polearms
  1293 | D:2      | Reached XP level 4. HP: 31/35 MP: 5/5
  1696 | D:2      | Noticed Terence
  1721 | D:3      | Reached skill level 7 in Polearms
  1803 | D:3      | Reached XP level 5. HP: 40/41 MP: 6/6
  1806 | D:3      | Found a transporter.
  1864 | D:3      | Reached *** piety under Lugonu
  1970 | D:3      | Found a transporter.
  2118 | D:2      | Killed Terence
  2119 | D:2      | Reached skill level 8 in Polearms
  2261 | D:2      | Found a faded altar of an unknown god.
  3047 | D:3      | Noticed a big kobold
  3190 | D:3      | Noticed JustYaKnow's ghost (amateur MiBe)
  3193 | D:3      | Found a one-way gate to the infinite horrors of the Abyss.
  3557 | D:4      | Reached skill level 9 in Polearms
  3557 | D:4      | Reached XP level 6. HP: 43/47 MP: 7/7
  3680 | D:4      | Found a runed translucent door.
  3681 | D:4      | Noticed Crazy Yiuf
  3761 | D:4      | Found a sacrificial altar of Ru.
  3897 | D:4      | Found a staircase to the Ecumenical Temple.
  4028 | D:4      | Noticed Edmund
  4068 | D:4      | Killed Edmund
  4069 | D:4      | Reached skill level 10 in Polearms
  4404 | D:4      | Killed Crazy Yiuf
  4405 | D:4      | Reached XP level 7. HP: 42/52 MP: 8/8
  4495 | D:5      | Entered Level 5 of the Dungeon
  4808 | D:5      | Found a radiant altar of Vehumet.
  4825 | D:5      | Found a blossoming altar of Fedhas.
  4969 | D:5      | Reached skill level 4 in Fighting
  5179 | D:5      | Reached **** piety under Lugonu
  5183 | D:5      | Reached skill level 11 in Polearms
  5471 | D:6      | Reached skill level 5 in Fighting
  5493 | D:6      | Reached XP level 8. HP: 58/62 MP: 9/9
  5925 | D:6      | Noticed Pikel
  5961 | D:5      | Reached skill level 6 in Fighting
  6173 | D:6      | Found an iron altar of Okawaru.
  6173 | D:6      | Found a shadowy altar of Dithmenos.
  6426 | D:6      | Reached skill level 12 in Polearms
  6512 | D:6      | Killed Pikel
  6513 | D:6      | Reached skill level 8 in Fighting
  6513 | D:6      | Reached XP level 9. HP: 65/75 MP: 10/10
  6745 | D:6      | Found a hazy altar of Hepliaklqana.
  7123 | D:7      | Found a shimmering blue altar of Sif Muna.
  7136 | D:7      | Reached skill level 1 in Armour
  7136 | D:7      | Reached skill level 3 in Dodging
  7263 | D:7      | Noticed a manticore
  7603 | D:7      | Noticed Prince Ribbit
  7651 | D:7      | Killed Prince Ribbit
  7652 | D:7      | Reached skill level 9 in Fighting
  7652 | D:7      | Reached skill level 4 in Dodging
  7826 | D:7      | Reached skill level 2 in Armour
  7927 | D:6      | Reached skill level 13 in Polearms
  8751 | D:7      | Noticed Menkaure
  8766 | D:7      | Killed Menkaure
  8767 | D:7      | Reached skill level 5 in Dodging
  9121 | D:8      | Reached XP level 10. HP: 83/83 MP: 11/11
  9137 | D:8      | Noticed a two-headed ogre
  9328 | D:8      | Noticed a death yak
  9431 | D:8      | Found an opulent altar of Gozag.
  9432 | D:8      | Found a burning altar of Makhleb.
  9432 | D:8      | Found a blossoming altar of Fedhas.
  9496 | D:8      | Reached skill level 3 in Invocations
  9588 | D:8      | Noticed Psyche
  9605 | D:8      | Killed Psyche
  9606 | D:8      | Reached skill level 4 in Invocations
  9612 | D:8      | Noticed Erica
  9755 | D:7      | Killed Erica
  9756 | D:7      | Reached skill level 6 in Invocations
 10071 | D:7      | Found a glowing silver altar of Zin.
 10110 | D:7      | Killed a manticore
 10111 | D:7      | Reached skill level 7 in Invocations
 10367 | D:8      | Found a stormy altar of Qazlal.
 10415 | D:8      | Killed a two-headed ogre
 10416 | D:8      | Reached skill level 14 in Polearms
 10674 | D:8      | Found a staircase to the Lair.
 10678 | D:8      | Noticed a death yak
 10680 | D:8      | Noticed a death yak
 10705 | D:8      | HP: 19/83 [death yak (17)]
 10708 | D:8      | Killed a death yak
 10709 | D:8      | Reached skill level 8 in Invocations
 10718 | D:8      | Killed a death yak
 10719 | D:8      | Reached skill level 9 in Invocations
 10719 | D:8      | Reached XP level 11. HP: 37/89 MP: 17/17
 10719 | D:8      | HP: 27/133 [death yak (10)]
 10723 | D:8      | HP: 9/133 [death yak (9)]
 10728 | D:8      | Killed a death yak
 10728 | D:8      | Reached ***** piety under Lugonu
 10729 | D:8      | Reached skill level 15 in Polearms
 11584 | D:8      | Found Xithranuu's Demolitions Depot.
 11585 | D:8      | You fall into a shaft and drop 2 floors!
 11585 | D:10     | Entered Level 10 of the Dungeon
 11983 | D:8      | Noticed Harold
 11992 | D:8      | Banished Harold
 11993 | D:8      | Reached skill level 10 in Invocations
 12457 | D:9      | Found a white marble altar of Elyvilon.
 12472 | D:9      | Found a roughly hewn altar of Beogh.
 12979 | D:9      | Noticed a two-headed ogre
 12991 | D:9      | Killed a two-headed ogre
 12992 | D:9      | Reached skill level 6 in Dodging
 13042 | D:9      | Noticed a red ugly thing
 13053 | D:9      | Killed a red ugly thing
 13054 | D:9      | Reached skill level 16 in Polearms
 13271 | D:9      | Found a snail-covered altar of Cheibriados.
 13460 | D:9      | Found a staircase to the Orcish Mines.
 13559 | Orc:1    | Entered Level 1 of the Orcish Mines
 13571 | Orc:1    | Reached skill level 10 in Fighting
 14072 | Orc:2    | Entered Level 2 of the Orcish Mines
 14133 | Orc:2    | Found a radiant altar of Vehumet.
 14214 | Orc:2    | Reached skill level 7 in Dodging
 14225 | Orc:2    | HP: 11/90 [orc priest/divine providence (16)]
 14253 | Orc:2    | HP: 22/90 [orc warrior/+0 short sword (4)]
 14256 | Orc:2    | HP: 9/90 [orc warrior/+0 dire flail (2)]
 14261 | Orc:2    | HP: 21/90 [orc priest/+0 dagger (4)]
 14262 | Orc:2    | HP: 9/90 [orc warrior/+0 short sword (12)]
 14617 | Abyss:1  | Noticed a worldbinder
 14624 | Abyss:1  | Noticed an orb spider
 14631 | Abyss:1  | Noticed an orb spider
 14634 | Orc:2    | Escaped the Abyss
 14642 | Orc:2    | Noticed an orb spider
 14642 | Orc:2    | Noticed an orb spider
 14967 | Orc:2    | Noticed Josephine
 14988 | Orc:2    | Killed Josephine
 14989 | Orc:2    | Reached XP level 12. HP: 94/98 MP: 20/20
 15150 | Orc:2    | Reached skill level 11 in Invocations
 15278 | Orc:2    | HP: 23/99 [worldbinder (2)]
 15279 | Orc:2    | Found Wagraweil's Jewellery Boutique.
 15279 | Orc:2    | Found Imuz's Book Emporium.
 15279 | Orc:2    | Noticed an orc high priest
 15279 | Orc:2    | Noticed an orc high priest
 15282 | Orc:2    | Slain by an orc warrior

Illustrated notes

Levels and vault maps discovered:
D:1:      dpeg_arrival_concentric_ovals, layout_loops_ring, minmay_tromino_v4_b
D:2:      layout_basic, chequers_ecumenical_altar_lobes, uniq_terence
D:3:      layout_basic, serial_curves, eino_curves_02, eino_curves_02,
          gammafunk_ghost_abyssal_escape
D:4:      layout_rooms, minmay_temple_entry_hall, hangedman_ru_absence,
          uniq_crazy_yiuf_cottage, uniq_edmund
D:5:      layout_basic, basic_altar, fedhas_altar_3
D:6:      layout_cave_pools, nicolae_dithmenos_through_a_glass_darkly,
          kennysheep_little_box, hangedman_decor_riveting,
          amcnicky_mini_rare_corridor_liquid, okawaru_metal_pillars_1_2,
          uniq_pikel
D:7:      nzn_winding_woodlands_small [nzn_winding_woodlands_5x15_zeroes,
          nzn_winding_woodlands_center_triple_pond,
          nzn_winding_woodlands_5x15_concentric], layout_loops_cross,
          lemuel_round_altar, lemuel_coloured_pillars_altar,
          uniq_prince_ribbit1, uniq_menkaure
D:8:      layout_loops_corners, marbit_many_paths,
          gammafunk_temple_overflow_forgotten, dpeg_lair_monsters,
          nrook_mini_vaults, nicolae_blasting_shop, uniq_psyche, uniq_harold,
          uniq_erica
D:9:      layout_cave_pools, cheibrodos_worm_habitat, david_orc_5, basic_altar,
          minmay_lizard_king
D:10:     layout_roguey
Orc:1:    layout_caves
Orc:2:    st_orc_elflike, layout_caves, gauntlet_entry_generic, basic_altar,
          uniq_josephine

Skill      XL: |  1  2  3  4  5  6  7  8  9 10 11 12 |
---------------+-------------------------------------+-----
Polearms       | 4 5 6 7 9 10 11 12 13 14 16 | 16.0
Fighting       | 5 8 9 10 | 10.6
Armour         | 2 |  2.6
Dodging        | 5 7 |  7.9
Invocations    | 9 10 11 | 11.0

Action                   |  1- 3 |  4- 6 |  7- 9 | 10-12 || total
-------------------------+-------+-------+-------+-------++-------
Melee: Spear             |    96 |   326 |   699 |       ||  1121
       Halberd           |       |       |    22 |   569 ||   591
Invok: Bend Space        |       |       |       |     3 ||     3
       Banish            |       |       |       |     2 ||     2
       Enter the Abyss   |       |       |       |     1 ||     1
  Use: Scroll            |     6 |     4 |     9 |     7 ||    26
       Potion            |       |       |     1 |    10 ||    11
 Stab: Sleeping          |     1 |       |       |       ||     1
Armor: Leather armour    |    18 |     6 |       |       ||    24
       Scale mail        |       |    79 |   170 |   188 ||   437
       Skin              |       |       |       |     5 ||     5
Dodge: Dodged            |    43 |    93 |   176 |   259 ||   571

Table legend: (Time is in decaauts)
 A = Elapsed time spent in this place.
 B = Non-inter-level travel time spent in this place.
 C = Inter-level travel time spent in this place.
 D = Time resting spent in this place.
 E = Time spent auto-exploring this place.
 F = Levels seen in this place.
 G = Mean time per level.
                   A        B        C        D        E       F      G
               +--------+--------+--------+--------+--------+-----+--------+
         Total |  14694 |  14048 |    646 |   5267 |   6344 |  14 | 1049.6 |
       Dungeon |  13019 |  12382 |    637 |   4292 |   6024 |  10 | 1301.9 |
  Orcish Mines |   1299 |   1290 |      9 |    635 |    320 |   2 |  649.5 |
         Abyss |    374 |    374 |      0 |    340 |      0 |   2 |  187.0 |
               +--------+--------+--------+--------+--------+-----+--------+

Top non-repeatable levels by time:
     D:8: 2526 daAuts
     D:7: 2396 daAuts
     D:2: 1602 daAuts
     D:6: 1321 daAuts
     D:5: 1301 daAuts
     D:1: 1026 daAuts
     D:9: 956 daAuts
     D:4: 938 daAuts
     D:3: 811 daAuts
   Orc:2: 777 daAuts
   Orc:1: 522 daAuts
 Abyss:1: 374 daAuts
    D:10: 138 daAuts

Table legend:
 A = Kills in this place as a percentage of kills in entire the game.
 B = Kills by you in this place as a percentage of kills by you in the entire game.
 C = Kills by friends in this place as a percentage of kills by friends in the entire game.
 D = Other kills in this place as a percentage of other kills in the entire game.
 E = Experience gained in this place as a percentage of experience gained in the entire game.
 F = Experience gained in this place divided by the number of levels of this place that you have seen.
                   A       B       C       D       E      F
               +-------+-------+-------+-------+-------+----------------------
         Total | 100.0 | 100.0 |   N/A | 100.0 | 100.0 | 1391.9
       Dungeon |  88.3 |  88.2 |   N/A | 100.0 |  81.1 | 1580.4
  Orcish Mines |  11.7 |  11.8 |   N/A |   0.0 |  18.9 | 1841.0
               +-------+-------+-------+-------+-------+----------------------
